 Dungeon Crawl Stone Soup version 0.17-a0-1651-gae1a69f (webtiles) character file.

169 gp7 the Shooter (level 5, 0/34 HPs)
             Began as a High Elf Hunter on Aug 14, 2015.
             Was an Initiate of Elyvilon.
             Slain by an iguana (6 damage)
             ... on level 4 of the Dungeon.
             The game lasted 00:55:54 (3949 turns).

gp7 the Shooter (High Elf Hunter)                   Turns: 3949, Time: 00:55:54

Health: 0/34       AC:  6    Str: 16    XL:     5   Next: 25%
Magic:  6/6        EV: 11    Int: 15    God:    Elyvilon [......]
Gold:   116        SH:  3    Dex: 16    Spells: 0 memorised, 4 levels left

rFire  . . .     SeeInvis .     b - +0 short sword
rCold  . . .     Clarity  .     m - +0 ring mail
rNeg   . . .     SustAt   .     C - +0 buckler (curse)
rPois  .         Gourm    .     (no helmet)
rElec  .         Spirit   .     y - +0 cloak
rCorr  .         Warding  .     (no gloves)
rMut   .         Stasis   .     (no boots)
MR     .....                    (no amulet)
Stlth  +.........               (no ring)
                                (no ring)

@: mighty, not resistant to hostile enchantments, very unstealthy
A: no striking features
a: Renounce Religion


You were on level 4 of the Dungeon.
You worshipped Elyvilon.
Elyvilon was noncommittal.
You were not hungry.

You visited 1 branch of the dungeon, and saw 4 of its levels.

You collected 116 gold pieces.

Inventory:

Hand weapons
 a - a +1 shortbow
 b - a +0 short sword (weapon)
 g - the +11 whip "Duskar" {elec, MR++ Dex+4 Stlth+, unknown}
   (You found it on level 4 of the Dungeon)

   Occasionally, upon striking a foe, it will discharge some electrical energy
   and cause terrible harm.
   It affects your dexterity (+4).
   It affects your resistance to hostile enchantments.
   It makes you more stealthy.
 n - a +0 club
 o - a cursed +0 mace
 v - a +0 dagger
Missiles
 c - 28 arrows
 e - 5 tomahawks
 q - 96 stones (quivered)
 r - 29 sling bullets
 A - 2 exploding tomahawks
Armour
 d - a +0 leather armour
 j - a +0 scale mail
 m - a +0 ring mail (worn)
 y - a +0 cloak (worn)
 z - a +0 chain mail
 C - a cursed +0 buckler (worn)
Scrolls
 l - 4 scrolls of identify
 t - a scroll of enchant weapon {unknown}
 u - 2 scrolls of noise
 x - a scroll of amnesia {unknown}
Potions
 f - a potion of heal wounds {unknown}
 h - 3 potions of curing {unknown}
 i - 2 potions of brilliance {unknown}
 p - 2 potions of flight {unknown}
 w - 3 potions of agility {unknown}
 B - a potion of experience {unknown}
Comestibles
 s - a chunk of flesh
 D - a bread ration


   Skills:
 - Level 2.0 Fighting
 * Level 1.2 Short Blades
 * Level 7.5 Bows
 - Level 0.2 Throwing
 + Level 1.0 Armour
 * Level 2.9 Dodging
 * Level 2.0 Stealth


You had 4 spell levels left.
You didn't know any spells.

Dungeon Overview and Level Annotations

Branches:
Dungeon (4/15)
 Temple: D:4-7

Altars:
Cheibriados
Elyvilon
Sif Muna
Vehumet

Annotations:
D:3 cmdexe's ghost, experienced DsFi


Message History

Okay, then.
Unknown command.
You are too injured to fight recklessly!
You barely miss the iguana.
The iguana is heavily wounded.
The iguana bites you.
* * * LOW HITPOINT WARNING * * *
It was a potion of might.
You feel very mighty all of a sudden. The iguana closely misses you.
You completely miss the iguana.
The iguana is heavily wounded.
The iguana barely misses you.
You puncture the iguana!
The iguana is almost dead.
The iguana bites you but does no damage.
You closely miss the iguana.
The iguana is almost dead.
The iguana bites you.
You die...

## ###......##
#....>.....
#...).....#
#.......#.#
.......#.# ###
#.....#.#
.....######.......#
.....'.l@.'.......#
.....######.....#.#
... #####.#.# .
###.#.#####.#
#...........#
#.#.#.######
#.#.#.# # #.#.#
#.#.#


You could see an iguana.

Vanquished Creatures
  A hound (D:2)
  An orc wizard (D:4)
  A worker ant (D:4)
  4 adders
  2 worms
  An orc (D:4)
  8 bats
  2 giant cockroaches
  9 goblins
  5 hobgoblins
  3 ball pythons
  A giant newt (D:1)
  7 kobolds
  9 rats
54 creatures vanquished.

Notes
Turn   | Place    | Note
--------------------------------------------------------------
     0 | D:1      | gp7 the High Elf Hunter began the quest for the Orb.
     0 | D:1      | Reached XP level 1. HP: 14/14 MP: 2/2
   509 | D:1      | Reached XP level 2. HP: 19/19 MP: 3/3
   625 | D:1      | Reached skill level 6 in Bows
  1339 | D:1      | Reached XP level 3. HP: 16/24 MP: 4/4
  1362 | D:2      | Reached skill level 1 in Short Blades
  1764 | D:2      | Found a radiant altar of Vehumet.
  1828 | D:2      | Found a snail-covered altar of Cheibriados.
  2219 | D:2      | Reached XP level 4. HP: 6/29 MP: 5/5
  2530 | D:2      | Reached skill level 7 in Bows
  2772 | D:3      | Noticed cmdexe's ghost (experienced DsFi)
  3458 | D:4      | Found a deep blue altar of Sif Muna.
  3468 | D:4      | Got a faintly glowing whip
  3490 | D:4      | Reached XP level 5. HP: 10/34 MP: 6/6
  3500 | D:4      | Found a white marble altar of Elyvilon.
  3508 | D:4      | Became a worshipper of Elyvilon the Healer
  3903 | D:4      | Reached skill level 1 in Armour
  3949 | D:4      | Slain by an iguana

Vault maps used:
D:1:      tarquinn_simple_flora_water_d, hangedman_decor_push, minivault_23
D:2:      overflow_temple_1_default, old_standard_altar
D:3:      kennysheep_boxes
D:4:      elyvilon_altar_1, nicolae_overflow_crystal_walls, first_bread

Action                   |  1- 3 |  4- 6 || total
-------------------------+-------+-------++-------
Melee: Club              |     5 |       ||     5
       Short sword       |   121 |    83 ||   204
 Fire: Shortbow          |    35 |    19 ||    54
Throw: Stone             |     3 |       ||     3
  Use: Potion            |     1 |     1 ||     2
       Scroll            |       |     4 ||     4
  Eat: Bread ration      |     1 |       ||     1
       Beef jerky        |     1 |       ||     1
       Chunk             |       |     2 ||     2
       Pizza             |       |     1 ||     1
